 Dungeon Crawl Stone Soup version 0.30-a0-830-gfe289a77b0 (webtiles) character file.

Game seed: 12820210561976558909

17 Jeffwins the Conjurer (level 2, -1/21 HPs)
             Began as a Human Wanderer on Feb 28, 2023.
             Slain by a hobgoblin (5 damage)
             ... on level 1 of the Dungeon.
             The game lasted 00:00:56 (330 turns).

Jeffwins the Conjurer (Human Wanderer)               Turns: 330, Time: 00:00:57

Health: -1/21      AC:  2    Str: 10    XL:     2   Next: 80%
Magic:  3/4        EV: 11    Int: 13    God:
Gold:   40         SH:  0    Dex: 13    Spells: 2/3 levels left

rFire   . . .      SeeInvis .    a - +4 mace
rCold   . . .      Faith    .    (no shield)
rNeg    . . .      Spirit   .    e - +0 robe
rPois   .          Reflect  .    (no helmet)
rElec   .          Harm     .    (no cloak)
rCorr   .          Rampage  .    (no gloves)
Will    .....                    (no boots)
Stlth   +                        (no amulet)
HPRegen 0.23/turn                (no ring)
MPRegen 0.09/turn                (no ring)

@: no status effects
A: no striking features
a: no special abilities


You were on level 1 of the Dungeon.
You visited 1 branch of the dungeon, and saw 1 of its levels.

You collected 40 gold pieces.


   Skills:
 - Level 1.0 Fighting
 * Level 0.7(1.0) Maces & Flails
 - Level 1.0(1.1) Staves
 - Level 1.0 Throwing
 - Level 1.0 Armour
 + Level 0.4 Stealth
 * Level 1.3 Spellcasting
 * Level 5.1 Conjurations
 * Level 0.8 Fire Magic


You had 2 spell levels left.
You knew the following spells:

 Your Spells              Type           Power      Damage    Failure   Level
z - Foxfire               Conj/Fire      32%        2x1d5     8%          1

Your spell library contained the following spells:

 Spells                   Type           Power      Damage    Failure   Level
 Static Discharge         Conj/Air       14%        2-3/arc   14%         2
 Call Canine Familiar     Summ           0%         N/A       63%         3
 Portal Projectile        Hex/Tloc       0%         N/A       63%         3
 Fulminant Prism          Conj/Hex       3%         3d5       67%         4
 Fireball                 Conj/Fire      4%         3d4       91%         5
 Leda's Liquefaction      Hex/Erth       0%         N/A       95%         4
 Starburst                Conj/Fire      4%         6d3       100%        6

Inventory:

Hand Weapons
 a - a +4 mace (weapon)
Missiles
 b - 6 boomerangs (quivered)
 h - 2 throwing nets {=f}
Armour
 e - a +0 robe (worn)
Scrolls
 c - 2 scrolls of vulnerability {unknown}
 d - 2 scrolls of teleportation {@r4}
 g - a scroll of enchant weapon {unknown}
 i - a scroll of silence {unknown}
 j - a scroll of poison {unknown}
Potions
 f - a potion of curing {unknown}

Dungeon Overview and Level Annotations

Branches:
Dungeon (1/15)

Altars:

### #.... ...
##..... #.###
.......
#.###...##.#....
#.#.. #........
##...###....#
...........#
###..#.##..##g#
#....#.##.###@#
####....#.##.#
#..#
#.....###.##.#
##.# ..###.#
#.##.# ..
.###.)# #.##.#
#.. ## #.##
#....# ... ###.#
##...# ....
#.>.# ##..##
.....
##.######....#


You could see a hobgoblin.


Message History

You are too injured to fight recklessly!
You are too injured to fight recklessly!
You are too injured to fight recklessly!
You are too injured to fight recklessly!
You are too injured to fight recklessly!
You are too injured to fight recklessly!
You are too injured to fight recklessly!
You are too injured to fight recklessly!
You are too injured to fight recklessly!
You are too injured to fight recklessly!
You are too injured to fight recklessly!
You are too injured to fight recklessly!
You are too injured to fight recklessly!
You are too injured to fight recklessly!
You are too injured to fight recklessly!
You are too injured to fight recklessly!
Unknown command.
You hit the endoplasm.
You kill the endoplasm!
You barely miss the hobgoblin. The hobgoblin hits you.
* * * LOW HITPOINT WARNING * * *
The hobgoblin closely misses you.
You barely miss the hobgoblin.
The hobgoblin hits you but does no damage.
You hit the hobgoblin.
The hobgoblin is almost dead.
The hobgoblin hits you.
* * * LOW HITPOINT WARNING * * *
The hobgoblin hits you.
You die...

Action                     || total
---------------------------++-------
  Melee: Mace              ||    26
 Armour: Robe              ||     9
  Dodge: Dodged            ||    12

Levels and vault maps discovered:
D:1:      dpeg_arrival_boxes_within_box, layout_rooms,
          hellmonk_ecumenical_altar_defaced_shrine, serial_shops,
          nicolae_shop_waterfront

Notes
Turn   | Place    | Note
-------+----------+-------------------------------------------
     0 | D:1      | Jeffwins the Human Wanderer began the quest for the Orb.
     0 | D:1      | Jeffwins set off with the following items: a +0
                  | quarterstaff, 6 boomerangs, a +0 dagger, a scroll of
                  | teleportation {@r4}, a +0 robe; and the following spell
                  | memorised: Foxfire; and the following spells available to
                  | memorise: Static Discharge, Fulminant Prism.
     0 | D:1      | Reached XP level 1. HP: 15/15 MP: 2/2
   164 | D:1      | Reached XP level 2. HP: 21/21 MP: 3/3
   204 | D:1      | Found a faded altar of an unknown god.
   330 | D:1      | Slain by a hobgoblin

Vanquished Creatures
  A dart slug (D:1)
  2 endoplasms (D:1)
  2 giant cockroaches (D:1)
  3 goblins (D:1)
  2 jackals (D:1)
  A bat (D:1)
  2 kobolds (D:1)
13 creatures vanquished.

Table legend: (Time is in decaauts)
 A = Elapsed time spent in this place.
 B = Non-inter-level travel time spent in this place.
 C = Inter-level travel time spent in this place.
 D = Time resting spent in this place.
 E = Time spent auto-exploring this place.
 F = Levels seen in this place.
 G = Mean time per level.
                   A        B        C        D        E       F      G
               +--------+--------+--------+--------+--------+-----+--------+
         Total |    338 |    315 |     23 |      0 |    224 |   1 |  338.0 |
       Dungeon |    338 |    315 |     23 |      0 |    224 |   1 |  338.0 |
               +--------+--------+--------+--------+--------+-----+--------+

Top non-repeatable levels by time:
     D:1: 338 daAuts

Table legend:
 A = Non-vault XP
 B = Vault XP
 C = Vault XP percentage of total XP
 D = Non-vault monster count
 E = Vault monster count
 F = Vault count percentage of total count
                 A         B        C        D         E       F
            +---------+---------+-------+---------+---------+-------
      Total |      17 |       8 |  32.0 |      10 |       3 |  23.1
            +---------+---------+-------+---------+---------+-------
        D:1 |      17 |       8 |  32.0 |      10 |       3 |  23.1
            +---------+---------+-------+---------+---------+-------
